| TOP OF THE 1ST |
|
Roswell Invaders batting - Pitching for Americus Braves : RHP Alfredo Villamar
|
|
Pitching: RHP Alfredo Villamar
|
|
|
Batting: LHB Marshall Rives
|
0-0: Swinging Strike 0-1: Ball 1-1: Ball 2-1: Ball 3-1: Foul Ball, location: 2F 3-2: Strikes out swinging, 2-3 out at first.
|
|
Batting: RHB T.J. House
|
0-0: Called Strike 0-1: Foul Ball, location: 2F 0-2: Foul Ball, location: 2F 0-2: Ball 1-2: Strikes out looking
|
|
Batting: RHB Juan Mejia
|
0-0: Ball 1-0: Ball 2-0: Ball 3-0: Called Strike 3-1: Foul Ball, location: 2F 3-2: Base on Balls
|
|
Batting: LHB Ivan Cortez
|
0-0: Ball 1-0: Fly out, F8 (Flyball, 8LD, EV 98.1 MPH)
|
| Top of the 1st over - 0 runs, 0 hits, 0 errors, 1 left on base; Roswell 0 - Americus 0 |
| BOTTOM OF THE 1ST |
|
Americus Braves batting - Pitching for Roswell Invaders : RHP Ulbert Beltman
|
|
Pitching: RHP Ulbert Beltman
|
|
|
Batting: RHB Mennad Maalik
|
0-0: Ball 1-0: Swinging Strike 1-1: Ball 2-1: Foul Ball, location: 2F 2-2: Strikes out swinging
|
|
Batting: SHB Vladimir Guerrero III
|
0-0: Swinging Strike 0-1: Fly out, F7 (Flyball, 7LM, EV 85.0 MPH)
|
|
Batting: RHB Scott Hansen
|
0-0: Ball 1-0: Ball 2-0: Called Strike 2-1: Ball 3-1: Foul Ball, location: 2F 3-2: Foul Ball, location: 2F 3-2: Ground out 6-3 (Groundball, 6, EV 81.2 MPH)
|
| Bottom of the 1st over - 0 runs, 0 hits, 0 errors, 0 left on base; Roswell 0 - Americus 0 |
| TOP OF THE 2ND |
|
Roswell Invaders batting - Pitching for Americus Braves : RHP Alfredo Villamar
|
|
Batting: RHB Cullen Kelley
|
0-0: Called Strike 0-1: Ball 1-1: Called Strike 1-2: Fly out, F8 (Line Drive, 8RD, EV 92.5 MPH)
|
|
Batting: LHB Andy Fischer
|
0-0: Ball 1-0: SINGLE (Line Drive, 9S, EV 104.4 MPH)
|
|
Batting: RHB Dan Long
|
0-0: Called Strike 0-1: Ball 1-1: Grounds into double play, 6-4-3 (Groundball, 6, EV 83.8 MPH)
|
| Top of the 2nd over - 0 runs, 1 hit, 0 errors, 0 left on base; Roswell 0 - Americus 0 |
| BOTTOM OF THE 2ND |
|
Americus Braves batting - Pitching for Roswell Invaders : RHP Ulbert Beltman
|
|
Batting: RHB Wilson Salgado
|
0-0: Called Strike 0-1: Foul Ball, location: 2F 0-2: Ground out 5-3 (Groundball, 56S, EV 80.0 MPH)
|
|
Batting: SHB Chris Morrison
|
0-0: Called Strike 0-1: Ball 1-1: Ball 2-1: Ball 3-1: Called Strike 3-2: Ground out 6-3 (Groundball, 6, EV 82.5 MPH)
|
|
Batting: RHB Josh Maxwell
|
0-0: Called Strike 0-1: Ball 1-1: Ground out 6-3 (Groundball, 56D, EV 106.9 MPH)
|
| Bottom of the 2nd over - 0 runs, 0 hits, 0 errors, 0 left on base; Roswell 0 - Americus 0 |
| TOP OF THE 3RD |
|
Roswell Invaders batting - Pitching for Americus Braves : RHP Alfredo Villamar
|
|
Batting: RHB Benjie Alejandro
|
0-0: Called Strike 0-1: Foul Ball, location: 2F 0-2: Ball 1-2: Foul Ball, location: 2F 1-2: Strikes out looking
|
|
Batting: RHB Shinichi Miyamoto
|
0-0: Ball 1-0: Ball 2-0: Swinging Strike 2-1: Swinging Strike 2-2: Foul Ball, location: 2F 2-2: Fly out, F9 (Line Drive, 89M, EV 100.6 MPH)
|
|
Batting: LHB Marshall Rives
|
0-0: Swinging Strike 0-1: Ball 1-1: Ball 2-1: Foul Ball, location: 2F 2-2: Strikes out swinging
|
| Top of the 3rd over - 0 runs, 0 hits, 0 errors, 0 left on base; Roswell 0 - Americus 0 |
| BOTTOM OF THE 3RD |
|
Americus Braves batting - Pitching for Roswell Invaders : RHP Ulbert Beltman
|
|
Batting: RHB Ryan Cole
|
0-0: Ball 1-0: SINGLE (Line Drive, 8LS, EV 103.8 MPH)
|
|
Batting: RHB Juan Barela
|
0-0: Fly out, F8 (Flyball, 8RD, EV 93.8 MPH)
|
|
Batting: RHB Bill Bethea
|
0-0: Ball 1-0: Ball 2-0: Ball 3-0: Base on Balls Ryan Cole to second
|
|
Batting: RHB Mennad Maalik
|
0-0: Ball 1-0: Ball 2-0: Called Strike 2-1: Called Strike Ryan Cole is caught stealing 3rd base 2-5 2-2: Foul Ball, location: 2F 2-2: Ground out U3 (Groundball, 34, EV 84.4 MPH)
|
| Bottom of the 3rd over - 0 runs, 1 hit, 0 errors, 1 left on base; Roswell 0 - Americus 0 |
| TOP OF THE 4TH |
|
Roswell Invaders batting - Pitching for Americus Braves : RHP Alfredo Villamar
|
|
Batting: RHB T.J. House
|
0-0: Ball 1-0: Called Strike 1-1: Foul Ball, location: 2F 1-2: Strikes out swinging
|
|
Batting: RHB Juan Mejia
|
0-0: Fly out, F9 (Flyball, 9, EV 96.2 MPH)
|
|
Batting: LHB Ivan Cortez
|
0-0: Ball 1-0: Ground out 4-3 (Groundball, 4, EV 109.4 MPH)
|
| Top of the 4th over - 0 runs, 0 hits, 0 errors, 0 left on base; Roswell 0 - Americus 0 |
| BOTTOM OF THE 4TH |
|
Americus Braves batting - Pitching for Roswell Invaders : RHP Ulbert Beltman
|
|
Batting: SHB Vladimir Guerrero III
|
0-0: Fly out, F7 (Flyball, 78S, EV 86.9 MPH)
|
|
Batting: RHB Scott Hansen
|
0-0: Ball 1-0: Foul Ball, location: 2F 1-1: Foul Ball, location: 2F 1-2: Ball 2-2: Ground out U3 (Groundball, 34, EV 85.0 MPH)
|
|
Batting: RHB Wilson Salgado
|
0-0: Ball 1-0: Ball 2-0: Fly out, F7 (Line Drive, 78M, EV 91.2 MPH)
|
| Bottom of the 4th over - 0 runs, 0 hits, 0 errors, 0 left on base; Roswell 0 - Americus 0 |
| TOP OF THE 5TH |
|
Roswell Invaders batting - Pitching for Americus Braves : RHP Alfredo Villamar
|
|
Batting: RHB Cullen Kelley
|
0-0: Ball 1-0: Ball 2-0: Called Strike 2-1: Called Strike 2-2: Strikes out swinging
|
|
Batting: LHB Andy Fischer
|
0-0: Foul Ball, location: 2F 0-1: Swinging Strike 0-2: Ball 1-2: Strikes out swinging
|
|
Batting: RHB Dan Long
|
0-0: Foul Ball, location: 2F 0-1: Ground out 4-3 (Groundball, 4M, EV 85.0 MPH)
|
| Top of the 5th over - 0 runs, 0 hits, 0 errors, 0 left on base; Roswell 0 - Americus 0 |
| BOTTOM OF THE 5TH |
|
Americus Braves batting - Pitching for Roswell Invaders : RHP Ulbert Beltman
|
|
Batting: SHB Chris Morrison
|
0-0: Foul Ball, location: 2F 0-1: Ball 1-1: Ball 2-1: Ground out 1-3 (Groundball, 34S, EV 68.8 MPH)
|
|
Batting: RHB Josh Maxwell
|
0-0: Ball 1-0: Ball 2-0: Ball 3-0: Called Strike 3-1: DOUBLE (Line Drive, 7LS, EV 93.8 MPH)
|
|
Batting: RHB Ryan Cole
|
0-0: Called Strike 0-1: Foul Ball, location: 2F 0-2: Foul Ball, location: 2F 0-2: Foul Ball, location: 2F 0-2: Ball 1-2: Ball 2-2: Ball 3-2: Foul Ball, location: 2F 3-2: Foul Ball, location: 2F 3-2: Ground out 6-3 (Groundball, 6, EV 83.1 MPH)
|
|
Batting: RHB Juan Barela
|
0-0: Foul Ball, location: 2F 0-1: Ball 1-1: Called Strike 1-2: Foul Ball, location: 2F 1-2: Fly out, F9 (Line Drive, 89S, EV 90.0 MPH)
|
| Bottom of the 5th over - 0 runs, 1 hit, 0 errors, 1 left on base; Roswell 0 - Americus 0 |
| TOP OF THE 6TH |
|
Roswell Invaders batting - Pitching for Americus Braves : RHP Alfredo Villamar
|
|
Batting: RHB Benjie Alejandro
|
0-0: DOUBLE (Line Drive, 9LM, EV 105.0 MPH)
|
|
Batting: RHB Shinichi Miyamoto
|
0-0: Ball 1-0: Ball 2-0: Called Strike 2-1: Ball 3-1: Base on Balls
|
|
Batting: LHB Marshall Rives
|
0-0: Ball 1-0: Swinging Strike 1-1: Called Strike 1-2: Strikes out swinging
|
|
Batting: RHB T.J. House
|
0-0: Ball 1-0: Foul Ball, location: 2F 1-1: Fly out, F6 (Popup, 56, EV 56.2 MPH)
|
|
Batting: RHB Juan Mejia
|
0-0: Ball 1-0: Foul Ball, location: 2F 1-1: Ball 2-1: SINGLE (Line Drive, 7S, EV 91.9 MPH) Benjie Alejandro to third Shinichi Miyamoto to second
|
|
Batting: LHB Ivan Cortez
|
0-0: Ball 1-0: Ground out U3 (Groundball, 3, EV 105.0 MPH)
|
| Top of the 6th over - 0 runs, 2 hits, 0 errors, 3 left on base; Roswell 0 - Americus 0 |
| BOTTOM OF THE 6TH |
|
Americus Braves batting - Pitching for Roswell Invaders : RHP Ulbert Beltman
|
|
Batting: RHB Bill Bethea
|
0-0: Fly out, F7 (Flyball, 78M, EV 93.1 MPH)
|
|
Batting: RHB Mennad Maalik
|
0-0: Foul Ball, location: 2F 0-1: Foul Ball, location: 2F 0-2: Ball 1-2: Ball 2-2: Foul Ball, location: 2F 2-2: Ball 3-2: Ground out U3 (Groundball, 34, EV 103.1 MPH)
|
|
Batting: SHB Vladimir Guerrero III
|
0-0: Ball 1-0: Ball 2-0: Called Strike 2-1: Foul Ball, location: 2F 2-2: Strikes out looking
|
| Bottom of the 6th over - 0 runs, 0 hits, 0 errors, 0 left on base; Roswell 0 - Americus 0 |
| TOP OF THE 7TH |
|
Roswell Invaders batting - Pitching for Americus Braves : RHP Alfredo Villamar
|
|
Batting: RHB Cullen Kelley
|
0-0: Called Strike 0-1: Ball 1-1: Ball 2-1: Ball 3-1: Called Strike 3-2: Foul Ball, location: 2F 3-2: Base on Balls
|
|
Batting: LHB Andy Fischer
|
0-0: Foul Ball, location: 2F 0-1: Foul Ball, location: 2F 0-2: Strikes out looking
|
|
Batting: RHB Dan Long
|
0-0: Called Strike 0-1: Fly out, F8 (Flyball, 78M, EV 93.1 MPH)
|
|
Batting: RHB Benjie Alejandro
|
0-0: Swinging Strike 0-1: Foul Ball, location: 2F 0-2: Fielders Choice at 2nd, 5-4 (Groundball, 5, EV 81.9 MPH)
|
| Top of the 7th over - 0 runs, 0 hits, 0 errors, 1 left on base; Roswell 0 - Americus 0 |
| BOTTOM OF THE 7TH |
|
Americus Braves batting - Pitching for Roswell Invaders : RHP Ulbert Beltman
|
|
Batting: RHB Scott Hansen
|
0-0: Swinging Strike 0-1: Fly out, F8 (Flyball, 78XD, EV 105.0 MPH)
|
|
Batting: RHB Wilson Salgado
|
0-0: Called Strike 0-1: Ball 1-1: Foul Ball, location: 2F 1-2: Foul Ball, location: 2F 1-2: Ball 2-2: Foul Ball, location: 2F 2-2: Strikes out looking
|
|
Batting: SHB Chris Morrison
|
0-0: Called Strike 0-1: Swinging Strike 0-2: Ball 1-2: Strikes out swinging
|
| Bottom of the 7th over - 0 runs, 0 hits, 0 errors, 0 left on base; Roswell 0 - Americus 0 |
| TOP OF THE 8TH |
|
Roswell Invaders batting - Pitching for Americus Braves : RHP Alfredo Villamar
|
|
Batting: RHB Shinichi Miyamoto
|
0-0: Ground out 6-3 (Groundball, 6, EV 80.0 MPH)
|
|
Pinch Hitting: RHB Hidemitsu Matsuno
|
0-0: Fly out, F7 (Flyball, 7LMF, EV 89.4 MPH)
|
|
Pinch Hitting: LHB Andrew Moore
|
0-0: Fly out, F4 (Line Drive, 4, EV 61.2 MPH)
|
| Top of the 8th over - 0 runs, 0 hits, 0 errors, 0 left on base; Roswell 0 - Americus 0 |
| BOTTOM OF THE 8TH |
|
Americus Braves batting - Pitching for Roswell Invaders : RHP Ulbert Beltman
|
|
Now at 1B: Jason Hanson
|
|
|
Now in RF: Matt Tanner
|
|
|
Batting: RHB Josh Maxwell
|
0-0: Swinging Strike 0-1: Foul Ball, location: 2F 0-2: Strikes out swinging
|
|
Batting: RHB Ryan Cole
|
0-0: Foul Ball, location: 2F 0-1: Ball 1-1: Ball 2-1: Foul Ball, location: 2F 2-2: Ball 3-2: Fly out, F7 (Flyball, 78S, EV 86.9 MPH)
|
|
Batting: RHB Juan Barela
|
0-0: Called Strike 0-1: SINGLE (Groundball, 6MD, EV 103.8 MPH)
|
|
Batting: RHB Bill Bethea
|
0-0: Called Strike 0-1: Ball 1-1: Ball 2-1: Ball 3-1: Base on Balls Juan Barela to second
|
|
Batting: RHB Mennad Maalik
|
0-0: Ball 1-0: Swinging Strike 1-1: Swinging Strike 1-2: Fly out, F8 (Flyball, 8RD, EV 89.4 MPH)
|
| Bottom of the 8th over - 0 runs, 1 hit, 0 errors, 2 left on base; Roswell 0 - Americus 0 |
| TOP OF THE 9TH |
|
Roswell Invaders batting - Pitching for Americus Braves : RHP Alfredo Villamar
|
|
Pitching: RHP Justus Gonzales
|
|
|
Batting: RHB Juan Mejia
|
0-0: Swinging Strike 0-1: Ground out U3 (Groundball, 34, EV 101.9 MPH)
|
|
Batting: LHB Ivan Cortez
|
0-0: Ball 1-0: Foul Ball, location: 2F 1-1: Ball 2-1: Ball 3-1: Swinging Strike 3-2: SINGLE (Groundball, 4M, EV 103.1 MPH) (infield hit)
|
|
Batting: RHB Cullen Kelley
|
0-0: Called Strike 0-1: Called Strike 0-2: Foul Ball, location: 2F 0-2: Fly out, F7 (Flyball, 7, EV 76.2 MPH)
|
|
Pinch Hitting: LHB Josh Snyder
|
0-0: Called Strike 0-1: Ball Ivan Cortez is caught stealing 2nd base 2-6
|
| Top of the 9th over - 0 runs, 1 hit, 0 errors, 0 left on base; Roswell 0 - Americus 0 |
| BOTTOM OF THE 9TH |
|
Americus Braves batting - Pitching for Roswell Invaders : RHP Ulbert Beltman
|
|
Now in LF: Matt Satterfield
|
|
|
Pinch Hitting: RHB Bill Horne
|
0-0: Ball 1-0: Ball 2-0: Ball 3-0: Foul Ball, location: 2F 3-1: Base on Balls
|
|
Pitching: RHP Eddie Georges
|
|
|
Batting: RHB Scott Hansen
|
0-0: Ball 1-0: Ball 2-0: Ball 3-0: Called Strike 3-1: Swinging Strike 3-2: SINGLE (Groundball, 34D, EV 96.2 MPH) Bill Horne to second
|
|
Batting: RHB Wilson Salgado
|
0-0: Called Strike 0-1: Ball 1-1: Ball 2-1: Swinging Strike 2-2: Strikes out looking
|
|
Batting: SHB Chris Morrison
|
0-0: Called Strike 0-1: Foul Ball, location: 2F 0-2: Strikes out swinging
|
|
Batting: RHB Josh Maxwell
|
0-0: SINGLE (Line Drive, 78S, EV 94.4 MPH) Bill Horne to third Scott Hansen to second Runner from 3rd tries for Home, SAFE, throw by LF to home
|
| Bottom of the 9th over - 1 run, 2 hits, 0 errors, 2 left on base; Roswell 0 - Americus 1 |
|